 Dungeon Crawl Stone Soup version 0.30.1-11-g7821555f0a (webtiles) character file.

Game seed: 17452399438711060141

356399 monsoonserge the Eclecticist (level 23, -9/157 HPs)
             Began as a Djinni Venom Mage on Nov 28, 2023.
             Was the Champion of Ru.
             Killed from afar by a deep elf annihilator (51 damage)
             ... with an iron shot
             ... on level 3 of the Vaults on Nov 30, 2023.
             The game lasted 07:21:21 (62673 turns).

monsoonserge the Eclecticist (Djinni Venom Mage)   Turns: 62673, Time: 07:21:22

Health: -9/157     AC:  9    Str:  4    XL:     23   Next: 37%
Gold:   2592       EV: 19    Int: 40    God:    Ru [******] SH: 20 Dex: 17

rFire   + + +        V - staff of poison "Ablieheba" {rPois Str-3 Int+7 Dex+3}
rCold   + . .        R - +2 kite shield {AC+3}
rNeg    + + .        l - +2 robe {rC+ rF+}
rPois   ∞            X - +0 helmet
rElec   +            G - scarf {+Inv}
rCorr   +            e - +0 pair of gloves of Varghuon {rC+ rN+ MP+9}
SInv    +            (boots unavailable)
Will    ++...        H - amulet of reflection Stlth
                     j - ring "Seclujiq" {rElec Int+5 SInv}
HPRegen 0.46/turn    Z - ring of Doors {rN+ rCorr Slay+3}
MPRegen 0.00/turn

%: reflection, infuse magic (-10 HP)
@: marked, flying, studying 6 skills
A: sickness immunity, fire resistance 2, no potion heal 1, cold vulnerability 1,
no stealth, disrupted magic 1, unskilled 2, missing an eye, float, innate
caster, HP casting, extra vitality 1
}: 2/15 runes: serpentine, barnacled
a: Renounce Religion, Evoke Invisibility, Draw Out Power, Power Leap, Apocalypse


You were on level 3 of the Vaults.
You worshipped Ru.
Ru was exalted by your worship.
You visited 9 branches of the dungeon, and saw 38 of its levels.
You also visited: Trove, Sewer, Gauntlet and Ice Cave.

You collected 4633 gold pieces.
You spent 2041 gold pieces at shops.

Inventory:

Missiles
 f - 45 boomerangs (quivered)
 o - 6 silver javelins
 s - 3 datura-tipped darts
 D - 25 javelins
 I - 5 boomerangs of dispersal
 Q - 5 throwing nets
 W - 2 curare-tipped darts
Armour
 e - the +0 pair of gloves of Varghuon (worn) {rC+ rN+ MP+9}
   (You acquired it in a Gauntlet)

   rC:        It protects you from cold.
   rN:        It protects you from negative energy.
   MP:        It affects your magic capacity (+9).
 l - a +2 robe of resistance (worn)
 m - a +2 robe of the Archmagi
 G - a scarf of invisibility (worn)
 R - a +2 kite shield of protection (worn)
 X - a +0 helmet (worn)
Magical Staves
 V - the staff of poison "Ablieheba" (weapon) {rPois Str-3 Int+7 Dex+3}
   (You took it off a minotaur in a Gauntlet)

   [staff of poison]

   Your inability to study Poison Magic prevents you from drawing on the full
   power of this staff in melee.
   Base accuracy: +5 Base damage: 5 Base attack delay: 1.2 This weapon's minimum
   attack delay (0.6) is reached at skill level 12.
   Str:       It affects your strength (-3).
   Int:       It affects your intelligence (+7).
   Dex:       It affects your dexterity (+3).
   rPois:     It protects you from poison.
   It falls into the 'Staves' category.
   It is a one-handed weapon.
Jewellery
 j - the ring "Seclujiq" (left hand) {rElec Int+5 SInv}
   (You found it in a Gauntlet)

   [ring of see invisible]

   Int:       It affects your intelligence (+5).
   rElec:     It insulates you from electricity.
   SInv:      It lets you see invisible.
 t - the ring "Filad" {rF- EV+5 Str+4 Int+3 Slay+3}
   (You found it in a Gauntlet)

   [ring of evasion]

   EV:        It affects your evasion (+5).
   Str:       It affects your strength (+4).
   Int:       It affects your intelligence (+3).
   Slay:      It affects your accuracy & damage with ranged weapons and melee
   (+3).
   rF:        It makes you vulnerable to fire.
 H - an amulet of reflection (around neck)
 Z - the ring of Doors (right hand) {rN+ rCorr Slay+3}
   (You acquired it on level 10 of the Dungeon)

   [ring of positive energy]

   Slay:      It affects your accuracy & damage with ranged weapons and melee
   (+3).
   rN:        It protects you from negative energy.
   rCorr:     It protects you from acid and corrosion.
Wands
 g - a wand of polymorph (12)
 u - a wand of mindburst (17)
 x - a wand of digging (9)
 J - a wand of paralysis (18)
 P - a wand of iceblast (38)
 U - a wand of flame (14)
 Y - a wand of acid (23)
Scrolls
 c - 13 scrolls of enchant armour
 d - 5 scrolls of enchant weapon
 h - 2 scrolls of torment
 i - 3 scrolls of summoning
 k - 14 scrolls of teleportation
 n - 4 scrolls of fear
 q - 7 scrolls of blinking
 r - 6 scrolls of fog
 v - 12 scrolls of immolation
 A - 4 scrolls of silence
 B - 6 scrolls of poison
 E - 6 scrolls of magic mapping
 F - 4 scrolls of brand weapon
Potions
 p - 5 potions of heal wounds
 w - 11 potions of lignification
 C - 4 potions of might
 K - 3 potions of resistance
 L - a potion of haste
 M - 3 potions of ambrosia
 N - 6 potions of cancellation
 O - 9 potions of brilliance
 S - 10 potions of mutation
 T - 4 potions of invisibility
Miscellaneous
 a - a condenser vane
 b - a phantom mirror
 y - a lightning rod (4/4)
 z - a phial of floods


   Skills:
 * Level 11.8 Fighting
 - Level 2.1 Staves
 + Level 1.0 Throwing
 * Level 15.5 Dodging
 * Level 14.0 Shields
 + Level 20.9 Spellcasting
 * Level 7.5 Evocations


You knew the following spells:

 Your Spells              Type           Power      Damage    Failure   Level
a - Sting                 Tmut/Pois      100%       1d8       1%          1
b - Poisonous Vapours     Pois/Air       100%       N/A       1%          2
c - Mephitic Cloud        Conj/Pois/Air  100%       N/A       1%          3
d - Olgreb's Toxic Radia  Pois           100%       N/A       1%          4
e - Slow                  Hex            100%       N/A       1%          1
f - Passwall              Tmut/Erth      98%        N/A       1%          2
g - Stone Arrow           Conj/Erth      100%       3d13      1%          3
h - Tukima's Dance        Hex            100%       N/A       1%          3
i - Iskenderun's Battles  Conj           100%       2d15      1%          5
j - Freezing Cloud        Conj/Ice/Air   59%        6-21      1%          5
k - Death Channel         Necr           59%        N/A       1%          6
l - Malign Gateway        Summ/Tloc      59%        N/A       1%          7
m - Simulacrum            Ice/Necr       59%        N/A       1%          6
n - Spellforged Servitor  Conj/Summ      59%        N/A       1%          7
o - Summon Horrible Thin  Summ           59%        N/A       4%          8
Your spell library was empty.

Dungeon Overview and Level Annotations

Branches:
Dungeon (15/15)            Temple (1/1) D:5            Lair (5/5) D:9
 Shoals (4/4) Lair:3        Snake (4/4) Lair:3        Slime (1/5) Lair:5
    Orc (2/2) D:10            Elf (3/3) Orc:2        Vaults (3/5) D:14
  Crypt (0/3) Vaults:2     Depths (0/4) D:15          Sewer (visited)
  IceCv (visited)         Gauntlet (visited)

Altars:
Ashenzari
Cheibriados
Dithmenos
Elyvilon
Fedhas
Gozag
Hepliaklqana
Makhleb
Nemelex Xobeh
Okawaru
Qazlal
Ru
Trog
Uskayaw
Wu Jian
Xom
Yredelemnul
Zin
The Shining One
Jiyva

Shops:
D:13 [[   Orc:1 ![   Orc:2 *=?:(   Elf:3 ==   Shoals:2 *   Snake:2 (*
Snake:3 :=*!   Vaults:1 *   Vaults:2 *

Annotations:
Elf:2 5 runed translucent doors


Innate Abilities, Weirdness & Mutations

You are immune to sickness and miasma.
You are immune to poison.
Your flesh is very heat resistant. (rF++)
Potions are less effective at restoring your health.
You are vulnerable to cold. (rC-)
You cannot be stealthy.
Your casting is slightly disrupted.
You are unskilled. (-2 Apt)
You are missing an eye, making it more difficult to aim.
You float through the air rather than walking.
You learn spells naturally, not from books.
Your magical power is your life essence.
You have superior vitality. (+4 MHP)


Message History

* * * LOW HITPOINT WARNING * * *
A deep troll comes into view.
The ironbound convoker is engulfed in freezing vapours.
The ironbound convoker begins to recite a word of recall!
The orc knight is engulfed in freezing vapours.
The orc knight hits your orc warlord simulacrum with a +0 long sword of flaming!
The orc knight melts your orc warlord simulacrum.
Your orc warlord simulacrum vaporises!
Unknown command.
The orc knight hits your orc warlord simulacrum with a +0 long sword of flaming!
The orc knight melts your orc warlord simulacrum.
The ironbound convoker is engulfed in freezing vapours.
The ironbound preserver is engulfed in freezing vapours.
The deep troll is engulfed in freezing vapours.
The deep troll completely misses your orc warlord simulacrum.
The deep troll closely misses your orc warlord simulacrum.
The deep troll claws your orc warlord simulacrum.
Casting: Freezing Cloud (safe; 1% risk of failure)
Confirm with . or Enter, or press ? or * to list all spells.
Aiming: Simulacrum (mildly dangerous; 1% risk of failure)
Press: ? - help, Shift-Dir - straight line, f/p - ironbound convoker
Aim: an ironbound convoker, wielding a +3 great mace and wearing a +0 ring mail (freezing vapour, heavily wounded, chanting recall)
You freeze the ironbound convoker's soul.
* * * LOW HITPOINT WARNING * * *
Your orc warlord simulacrum hits the deep troll!
Your orc warlord simulacrum freezes the deep troll!!
The ironbound convoker is engulfed in freezing vapours.
The deep troll is engulfed in freezing vapours.
You kill the deep troll!
The troll leather armour is intact enough to wear.
The orc knight is engulfed in freezing vapours.
The orc knight hits your orc warlord simulacrum with a +0 long sword of flaming!
The orc knight melts your orc warlord simulacrum.
Your orc warlord simulacrum vaporises!
Unknown command.
The deep elf annihilator is recalled.
A deep elf annihilator comes into view.
It is wielding a +1 long sword of protection.
The deep elf annihilator points at you and mumbles some strange words.
The iron shot hits you!!!
You die...

#..)...# #ZZZ.Z....### #.o....#
#ZZZ...#####. #####)#######
#ZZZ#### #Z #...).).....##
######'### #Z
#.......§..○+.#.#...#.#.#######Z
#......>.§§§##.#.#.#.#.##......Z
#........§poZe#.#.#)#.#.#....)))
#...........##.#.....#.##......Z
#...........#.#@......#))..))).Z
#############..#.....#..#......Z
#.#.......#.#.......
##.#>....#.#########
#.#Z#.#.#.#.# ##.#.#.#.#.##
+.#.#...#.#.# #############


You could see a deep elf annihilator and a friendly orc warlord simulacrum.

Vanquished Creatures
  Xtahua (Vaults:2)
  Rupert (Orc:1)
  Asterion (Lair:3)
  2 deep elf blademasters (Elf:3)
  5 nagarajas (Snake:4)
  A storm dragon (Shoals:4)
  5 vault wardens
  4 deep elf elementalists (Elf:3)
  4 ironbound preservers
  Nessos (Lair:3)
  An ironbound thunderhulk (Vaults:3)
  A deep elf demonologist (Elf:3)
  A deep elf annihilator (Elf:3)
  A dire elephant (Vaults:1)
  A minotaur (Gauntlet)
  3 deep elf death magi
  Snorg (Lair:4)
  A fire dragon (Lair:5)
  6 merfolk javelineers (Shoals:4)
  Josephine (Lair:3)
  5 merfolk impalers
  A deep elf high priest (Elf:3)
  4 yaktaur captains
  7 hydras
  A vault guard (Vaults:2)
  A merfolk avatar (Shoals:1)
  An ogre mage (D:15)
  A catoblepas (Lair:5)
  7 two-headed ogres (D:15)
  An ironbound frostheart (Vaults:1)
  4 merfolk aquamancers
  4 centaur warriors
  10 anacondas
  7 boulder beetles
  A ghost crab (Gauntlet)
  6 tengu warriors
  7 dancing weapons
  12 naga warriors
  Urug (Lair:5)
  5 death yaks
  8 naga sharpshooters
  5 orc high priests
  3 shock serpents
  Sonja (Lair:3)
  Amaemon (Lair:1)
  A skyshark (Shoals:3)
  5 deep elf knights
  12 deep trolls
  8 sea snakes
  2 skeletal warriors (D:15)
  A phantasmal warrior (D:15)
  6 lindwurms
  3 naga ritualists
  10 ironbound convokers
  3 wizards
  4 deep elf archers
  5 orc knights
  6 mana vipers
  8 harpies
  3 necromancers
  8 orc sorcerers
  14 deep elf pyromancers
  An obsidian statue (Snake:2)
  8 ugly things
  18 deep elf zephyrmancers
  2 stone giant zombies (D:15)
  8 manticores
  6 salamanders
  12 fauns
  A frost giant zombie (D:15)
  7 cyclopes
  7 vault sentinels
  6 merfolk sirens
  2 molten gargoyles (Lair:5)
  16 naga magi
  4 elephants
  58 black mambas
  2 ice statues (IceCv)
  4 guardian serpents
  4 water nymphs
  3 gargoyles
  An orange demon (Lair:1)
  A torpor snail (Lair:5)
  3 unseen horrors
  12 cane toads
  Maggie (D:6)
  A kobold demonologist (D:13)
  2 large abominations (Gauntlet)
  3 rime drakes
  A freezing wraith (D:14)
  An efreet (D:14)
  A komodo dragon (shapeshifter) (D:15)
  4 komodo dragons
  20 yaktaurs
  A yaktaur (shapeshifter) (Elf:3)
  7 ice devils (IceCv)
  16 merfolk
  5 anaconda simulacra (IceCv)
  6 tengu conjurers
  6 trolls
  A meliai (shapeshifter) (D:10)
  A polar bear (Lair:4)
  12 blink frogs
  5 wind drakes
  10 dream sheep
  7 snapping turtles
  8 air elementals
  Sigmund (D:2)
  14 slime creatures
  21 water elementals
  8 wraiths
  5 wyverns
  57 yaks
  3 fire elementals
  2 steam dragons
  8 basilisks
  3 vampires
  8 vampire mosquitoes
  Menkaure (D:6)
  3 wargs
  3 acid dragons
  2 swamp worms (D:11)
  2 harpy simulacra (IceCv)
  5 hell hounds
  44 nagas
  30 water moccasins
  3 hydra simulacra (IceCv)
  Duvessa (D:6)
  An ice beast (D:8)
  25 orc warriors
  A black bear (Lair:1)
  2 sky beasts
  10 ogres
  5 boggarts
  6 centaurs
  8 wolves
  14 bullfrogs
  2 kobold brigands
  5 gnoll sergeants
  3 scorpions
  5 wights
  5 small abominations (Gauntlet)
  Dowan (D:6)
  14 killer bees
  2 howler monkeys
  An electric eel (Lair:1)
  A nameless horror (Vaults:1)
  8 lava snakes
  The ghost of ZeroWinrate the Digger, a weakling GrEE (D:3)
  2 gnoll boudas
  5 hounds
  A jelly (D:5)
  18 orc priests
  2 sleepcaps
  Jessica (D:2)
  2 iguanas
  24 orc wizards
  5 hell rats (Lair:5)
  A polar bear simulacrum (IceCv)
  2 wolf simulacra (IceCv)
  A boggart simulacrum (D:14)
  15 adders
  30 gnolls
  A naga simulacrum (IceCv)
  17 river rats
  3 white imps
  3 ufetubi
  2 worms
  3 dart slugs
  89 orcs
  10 bats
  6 endoplasms
  3 giant cockroaches
  9 goblins
  5 hobgoblins
  7 quokkas
  12 ball pythons
  7 frilled lizards
  21 kobolds
  30 rats
  A spectral orc (D:7)
1232 creatures vanquished.

Vanquished Creatures (collateral kills)
  Boris (Vaults:1)
  An acid blob (Lair:5)
  A deep elf blademaster (Elf:3)
  2 nagarajas (Snake:4)
  2 deep elf sorcerers
  7 vault wardens
  The ghost of Icun the Thaumaturge, a journeyman GnWr of Okawaru (Snake:2)
  7 ironbound preservers
  2 orc warlords
  A vampire knight (Vaults:2)
  3 ironbound thunderhulks
  2 deep elf demonologists (Elf:3)
  Azrael (Snake:1)
  2 deep elf death magi (Elf:3)
  2 dire elephants (Vaults:1)
  3 merfolk impalers (Shoals:4)
  2 yaktaur captains
  An entropy weaver (Vaults:1)
  A great orb of eyes (Vaults:3)
  A salamander tyrant (Snake:4)
  A vault guard (Vaults:2)
  2 alligator snapping turtles
  2 ogre magi
  A catoblepas (Lair:5)
  2 merfolk avatars
  A boulder beetle (Vaults:2)
  4 centaur warriors
  6 ironbound frosthearts
  4 merfolk aquamancers
  4 anacondas
  2 two-headed ogres
  4 dancing weapons
  A death knight (D:14)
  2 naga warriors
  A satyr (Shoals:4)
  A death yak (Lair:5)
  2 orc high priests
  2 naga sharpshooters (Snake:4)
  A shock serpent (shapeshifter) (D:14)
  2 skysharks
  A shock serpent (Snake:3)
  12 deep trolls
  9 sea snakes
  4 naga ritualists
  3 ironbound convokers
  5 lindwurms (Vaults:1)
  4 deep elf archers
  A phantasmal warrior (Vaults:3)
  3 mana vipers
  2 deep elf zephyrmancers (Elf:1)
  10 harpies
  10 deep elf pyromancers
  7 fauns
  5 orc knights
  3 cyclopes
  2 ugly things (Vaults:1)
  2 manticores
  3 salamanders
  5 black mambas
  A stone giant skeleton (D:15)
  5 water nymphs (Shoals:4)
  7 vault sentinels
  3 merfolk sirens
  3 guardian serpents
  6 naga magi
  13 yaktaurs
  A komodo dragon (Lair:5)
  A tengu conjurer (D:14)
  A polar bear (shapeshifter) (Vaults:1)
  16 merfolk
  4 wind drakes
  4 dream sheep (Shoals:3)
  10 slime creatures
  3 snapping turtles
  An air elemental (Shoals:4)
  4 yaks
  14 water elementals
  3 vampires (Vaults:2)
  A fire elemental (Snake:1)
  10 nagas
  4 hell hounds (Snake:1)
  2 water moccasins (Lair:5)
  An orc warrior (Orc:2)
  A wolf (Gauntlet)
  An earth elemental (Elf:2)
  4 wights
  An orc priest (Elf:2)
  An orc wizard (Elf:2)
305 creatures vanquished.

Vanquished Creatures (others)
  36 eldritch tentacles
  A satyr (Shoals:3)
  A wizard (D:14)
  2 deep elf archers
  A bog body (IceCv)
  A deep elf pyromancer (Elf:1)
  An orc knight (Vaults:2)
  A faun (Shoals:4)
  A manticore (Shoals:4)
  A black mamba (Snake:3)
  A molten gargoyle (Lair:5)
  A dream sheep (Shoals:4)
  3 dancing weapons
  A hell hound (Lair:5)
  An orc wizard (D:5)
53 creatures vanquished.

Grand Total: 1590 creatures vanquished

Notes
Turn   | Place    | Note
-------+----------+-------------------------------------------
     0 | D:1      | monsoonserge the Djinni Venom Mage began the quest for the
                  | Orb.
     0 | D:1      | monsoonserge set off with the following spells memorised:
                  | Sting, Poisonous Vapours, Mephitic Cloud, Olgreb's Toxic
                  | Radiance.
     0 | D:1      | Reached XP level 1. HP: 15/15 MP: 0/0
   216 | D:1      | Reached XP level 2. HP: 10/21 MP: 0/0
   584 | D:1      | Reached skill level 3 in Spellcasting
   745 | D:1      | Reached XP level 3. HP: 22/25 MP: 0/0
   745 | D:1      | Learned a level 1 spell: Slow
  1253 | D:2      | Noticed Jessica
  1259 | D:2      | Killed Jessica
  1260 | D:2      | Reached XP level 4. HP: 24/31 MP: 0/0
  1583 | D:2      | Noticed Sigmund
  1612 | D:3      | Reached skill level 4 in Spellcasting
  1648 | D:3      | Reached XP level 5. HP: 35/35 MP: 0/0
  1648 | D:3      | Learned a level 2 spell: Passwall
  1924 | D:3      | Found a sacrificial altar of Ru.
  1940 | D:3      | Reached XP level 6. HP: 33/40 MP: 0/0
  1947 | D:3      | Became a worshipper of Ru the Awakened
  1952 | D:3      | Found a runed translucent door.
  1961 | D:3      | Noticed ZeroWinrate's ghost (weakling GrEE)
  2280 | D:2      | Killed Sigmund
  2281 | D:2      | Reached skill level 5 in Spellcasting
  2281 | D:2      | Reached XP level 7. HP: 34/45 MP: 0/0
  2281 | D:2      | Learned a level 3 spell: Stone Arrow
  2541 | D:4      | Found a sparkling altar of Nemelex Xobeh.
  2766 | D:4      | Reached skill level 6 in Spellcasting
  2808 | D:4      | Found a glowing drain.
  2821 | Sewer    | Entered a sewer
  3291 | D:4      | Gained mutation: You cannot be stealthy. [Ru sacrifice]
  3618 | D:5      | Entered Level 5 of the Dungeon
  3644 | D:5      | Reached XP level 8. HP: 48/51 MP: 0/0
  3840 | D:5      | Reached skill level 7 in Spellcasting
  3988 | D:5      | Found a staircase to the Ecumenical Temple.
  3998 | Temple   | Entered the Ecumenical Temple
  4215 | D:5      | Found a shadowy altar of Dithmenos.
  4354 | D:5      | Found a blossoming altar of Fedhas.
  4661 | D:5      | Reached skill level 8 in Spellcasting
  4819 | D:6      | Reached XP level 9. HP: 56/56 MP: 0/0
  4819 | D:6      | Learned a level 3 spell: Tukima's Dance
  4952 | D:6      | Noticed Duvessa
  4952 | D:6      | Noticed Dowan
  5043 | D:6      | Noticed Maggie
  5055 | D:6      | Killed Maggie
  5056 | D:6      | Reached skill level 9 in Spellcasting
  5189 | D:6      | Gained mutation: You are somewhat unskilled. (-1 Apt) [Ru
                  | sacrifice]
  5189 | D:6      | Reduced skill Spellcasting to level 8
  5189 | D:6      | Reached * piety under Ru
  5189 | D:6      | Reached ** piety under Ru
  5544 | D:6      | Noticed Menkaure
  5546 | D:6      | Killed Menkaure
  5633 | D:6      | Noticed a cyclops
  5719 | D:7      | Reached skill level 9 in Spellcasting
  5719 | D:7      | Found a shimmering altar of Xom.
  5746 | D:7      | Reached skill level 1 in Fighting
  5746 | D:7      | Reached skill level 1 in Evocations
  5780 | D:7      | Reached XP level 10. HP: 62/62 MP: 0/0
  5916 | D:7      | Reached skill level 1 in Staves
  5986 | D:7      | Found a snail-covered altar of Cheibriados.
  6069 | D:7      | Found a basalt altar of Yredelemnul.
  6312 | D:6      | Reached skill level 10 in Spellcasting
  6525 | D:6      | Killed a cyclops
  6591 | D:3      | Killed ZeroWinrate's ghost
  6743 | D:8      | Found the amulet of Elemental Vulnerability {rPois rF--
                  | rC-- AC+8}
  7033 | D:8      | Found an opulent altar of Gozag.
  7134 | D:8      | Reached skill level 1 in Shields
  7687 | D:9      | Reached skill level 11 in Spellcasting
  7687 | D:9      | Reached XP level 11. HP: 48/67 MP: 0/0
  7687 | D:9      | Learned a level 5 spell: Iskenderun's Battlesphere
  7699 | D:9      | Gained mutation: You are unskilled. (-2 Apt) [Ru sacrifice]
  7699 | D:9      | Reduced skill Spellcasting to level 10
  7699 | D:9      | Reached *** piety under Ru
  7826 | D:9      | Reached skill level 1 in Evocations
  7948 | D:9      | Found a burning altar of Makhleb.
  7972 | D:9      | Noticed an elephant
  7981 | D:9      | Killed an elephant
  8063 | D:9      | Found a staircase to the Lair.
  8264 | D:10     | Entered Level 10 of the Dungeon
  8291 | D:10     | Found a staircase to the Orcish Mines.
  8588 | D:10     | Found a portal to a secret trove of treasure.
  8658 | D:10     | Found a bloodstained altar of Trog.
  8733 | D:10     | Reached skill level 11 in Spellcasting
  9270 | D:11     | Reached XP level 12. HP: 66/74 MP: 0/0
  9812 | D:10     | Identified 3 scrolls of acquirement
  9818 | D:10     | Acquired a manual of Dodging
  9820 | D:10     | Acquired the ring of Doors {rN+ rCorr Slay+3}
  9828 | D:10     | Acquired a manual of Spellcasting
 10191 | D:11     | Identified the staff of earth "Onoepeh" {Will+}
 10362 | Lair:1   | Entered Level 1 of the Lair of Beasts
 10370 | Lair:1   | Acquired 570 gold pieces
 10392 | Lair:1   | Noticed Amaemon
 10398 | Lair:1   | Reached skill level 12 in Spellcasting
 10419 | Lair:1   | Killed Amaemon
 10427 | Lair:1   | Gained mutation: Potions are less effective at restoring
                  | your health. [Ru sacrifice]
 10427 | Lair:1   | Reached **** piety under Ru
 12001 | Lair:2   | Reached skill level 13 in Spellcasting
 12358 | Lair:2   | Reached XP level 13. HP: 47/78 MP: 0/0
 12358 | Lair:2   | Learned a level 5 spell: Freezing Cloud
 13176 | Orc:1    | Entered Level 1 of the Orcish Mines
 13256 | Orc:1    | Reached skill level 5 in Dodging
 13700 | Orc:1    | You are sucked into a shaft and drop 1 floor!
 13700 | Orc:2    | Entered Level 2 of the Orcish Mines
 13700 | Orc:2    | Found a staircase to the Elven Halls.
 13704 | Orc:2    | Noticed Rupert
 14036 | Orc:1    | Found Saxyinudd's Distillery.
 14044 | Orc:1    | Bought a potion of invisibility for 112 gold pieces
 14044 | Orc:1    | Bought a potion of mutation for 112 gold pieces
 14168 | Orc:1    | Reached skill level 14 in Spellcasting
 14169 | Orc:1    | Gained mutation: Your casting is slightly disrupted. [Ru
                  | sacrifice]
 14169 | Orc:1    | Reached ***** piety under Ru
 14903 | D:6      | Killed Duvessa
 14908 | D:6      | Killed Dowan
 15270 | Lair:3   | Noticed Sonja
 15276 | Lair:3   | Killed Sonja
 15964 | Lair:3   | Found a staircase to the Snake Pit.
 16284 | Lair:3   | Found a staircase to the Shoals.
 16414 | Lair:3   | Noticed a six-headed hydra
 16419 | Lair:3   | Noticed Nessos
 16421 | Lair:3   | Killed a six-headed hydra
 16423 | Lair:3   | Killed Nessos
 16424 | Lair:3   | Reached XP level 14. HP: 34/85 MP: 0/0
 16946 | Lair:3   | Noticed Josephine
 16955 | Lair:3   | Reached skill level 15 in Spellcasting
 16962 | Lair:3   | Killed Josephine
 17409 | Lair:4   | Noticed Snorg
 17416 | Lair:4   | Killed Snorg
 18902 | Lair:5   | Entered Level 5 of the Lair of Beasts
 18902 | Lair:5   | Noticed Urug
 18910 | Lair:5   | Killed Urug
 19321 | Lair:5   | Found a viscous altar of Jiyva.
 19321 | Lair:5   | Found a staircase to the Slime Pits.
 20676 | Orc:2    | Paralysed by Rupert for 2 turns
 20877 | Orc:1    | Killed Rupert
 20878 | Orc:1    | Reached XP level 15. HP: 72/94 MP: 0/0
 20878 | Orc:1    | Learned a level 6 spell: Death Channel
 21002 | Orc:2    | Reached skill level 16 in Spellcasting
 21352 | Orc:2    | Found Eguul's Weapon Shoppe.
 21711 | Orc:2    | Found Neatut's Book Emporium.
 21711 | Orc:2    | Found Itunay Caer's Magic Scroll Boutique.
 21713 | Orc:2    | Found Ucre's Jewellery Emporium.
 21713 | Orc:2    | Found Yzxat's General Store.
 21724 | Orc:2    | Bought 3 scrolls of summoning for 313 gold pieces
 21809 | Orc:1    | Found Gyvaj's Antique Armour Boutique.
 21980 | Orc:1    | Bought a heavily runed chain mail for 256 gold pieces
 21980 | Orc:1    | Identified the +3 chain mail of Jepip {Rampage Regen+} (You
                  | bought it in a shop on level 1 of the Orcish Mines)
 22366 | D:12     | Found a gate leading to a gauntlet.
 22381 | Gauntlet | Entered a Gauntlet
 22381 | Gauntlet | Found a transporter.
 22381 | Gauntlet | Found a transporter.
 22548 | Gauntlet | Found a transporter.
 22551 | Gauntlet | Found a transporter.
 22551 | Gauntlet | Found a transporter.
 22551 | Gauntlet | Found a transporter.
 22601 | Gauntlet | Noticed a quicksilver ooze
 22602 | Gauntlet | Found a transporter.
 22603 | Gauntlet | Found a transporter.
 22615 | Gauntlet | Found a transporter.
 22636 | Gauntlet | Found a transporter.
 22645 | Gauntlet | Gained mutation: You are missing an eye, making it more
                  | difficult to aim. [Ru sacrifice]
 22645 | Gauntlet | Reached ****** piety under Ru
 22654 | Gauntlet | Found a transporter.
 22658 | Gauntlet | Found a transporter.
 22959 | Gauntlet | Identified the ring "Seclujiq" {rElec Int+5 SInv}
 22967 | Gauntlet | Acquired the +0 pair of gloves of Varghuon {rC+ rN+ MP+9}
 22999 | Gauntlet | Identified the ring "Filad" {rF- EV+5 Str+4 Int+3 Slay+3}
 23050 | Gauntlet | Identified the staff of poison "Ablieheba" {rPois Str-3
                  | Int+7 Dex+3}
 24064 | D:13     | Found a shadowy altar of Dithmenos.
 24081 | D:13     | HP: 3/94 [slime creature (7)]
 24084 | D:13     | Found Gagiopsu's Antique Armour Boutique.
 24092 | D:13     | Bought a faintly humming leather armour for 245 gold pieces
 24092 | D:13     | Identified the +0 leather armour of a Labyrinth {rElec rC+
                  | Int+4} (You bought it in a shop on level 13 of the Dungeon)
 24127 | D:13     | Found Jeelleas's Antique Armour Shop.
 24270 | D:13     | Found a frozen archway.
 24371 | IceCv    | Entered an ice cave
 25389 | IceCv    | Reached skill level 5 in Shields
 26460 | D:14     | Reached skill level 5 in Fighting
 26508 | D:14     | Reached XP level 16. HP: 30/102 MP: 0/0
 27615 | D:14     | Reached skill level 17 in Spellcasting
 27776 | D:14     | Found a gate to the Vaults.
 27854 | D:14     | Identified the +10 scimitar "Ededeim" {pain, rC+}
 28029 | D:15     | Entered Level 15 of the Dungeon
 28325 | D:15     | Reached skill level 10 in Dodging
 28827 | D:15     | Acquired a manual of Shields
 29464 | D:15     | Found a staircase to the Depths.
 31408 | Lair:5   | Reached XP level 17. HP: 101/109 MP: 0/0
 31408 | Lair:5   | Learned a level 7 spell: Malign Gateway
 31517 | Lair:5   | Found a large runed translucent door.
 31518 | Lair:5   | Found a large runed translucent door.
 32296 | Lair:5   | Got Zusoonuv's Papyrus of Cooperative Hoarfrost
 32375 | Snake:1  | Entered Level 1 of the Snake Pit
 32375 | Snake:1  | Noticed Asterion
 32799 | Lair:3   | Killed Asterion
 33223 | Shoals:1 | Entered Level 1 of the Shoals
 33498 | Snake:1  | Noticed Azrael
 33503 | Snake:1  | Killed Azrael
 34005 | Snake:2  | Found Usoing's Antique Weapon Shoppe.
 34424 | Snake:2  | Reached skill level 18 in Spellcasting
 34709 | Snake:2  | Found a runed translucent gate.
 34709 | Snake:2  | Found a runed translucent gate.
 34710 | Snake:2  | Found an opulent altar of Gozag.
 34710 | Snake:2  | Found a runed translucent gate.
 34711 | Snake:2  | Noticed Icun's ghost (journeyman GnWr)
 34713 | Snake:2  | Found Ikoucsan's Assorted Antiques.
 36404 | Snake:2  | HP: 4/105 [shock serpent (3)]
 37027 | Snake:3  | Reached XP level 18. HP: 74/118 MP: 0/0
 38042 | Snake:3  | Found Bihuave's Assorted Antiques.
 38042 | Snake:3  | Found Vepegen's Jewellery Boutique.
 38044 | Snake:3  | Found Ziptadoth's Book Boutique.
 38048 | Snake:3  | Found Caba's Distillery.
 38054 | Snake:3  | Bought a potion of curing for 57 gold pieces
 38054 | Snake:3  | Bought a potion of curing for 57 gold pieces
 38057 | Snake:3  | Bought a potion of curing for 84 gold pieces
 38060 | Snake:3  | Bought a potion of haste for 190 gold pieces
 38651 | Snake:4  | Entered Level 4 of the Snake Pit
 41525 | Snake:4  | Reached skill level 19 in Spellcasting
 41572 | Snake:4  | Reached XP level 19. HP: 50/123 MP: 0/0
 41572 | Snake:4  | Learned a level 6 spell: Simulacrum
 42012 | Snake:4  | Got a serpentine rune of Zot
 42304 | Snake:2  | Killed Icun's ghost
 42443 | Snake:2  | Bought a potion of curing for 72 gold pieces
 42443 | Snake:2  | Bought an iridescent mace for 192 gold pieces
 42443 | Snake:2  | Identified the +4 mace "Hifiv Voto" {flame, Stlth+} (You
                  | bought it in a shop on level 2 of the Snake Pit)
 43047 | Shoals:1 | Reached skill level 10 in Shields
 43047 | Shoals:1 | Reached skill level 5 in Evocations
 43047 | Shoals:1 | Reached XP level 20. HP: 96/121 MP: 0/0
 44234 | Shoals:2 | Found Zaohag Diorph's General Store.
 45692 | Shoals:4 | Entered Level 4 of the Shoals
 46324 | Shoals:4 | HP: 3/131 [merfolk javelineer/silver javelin (6)]
 46677 | Shoals:4 | HP: 3/127 [storm dragon/bolt of lightning (14)]
 47137 | Elf:1    | Entered Level 1 of the Elven Halls
 47453 | Vaults:1 | Entered Level 1 of the Vaults
 47485 | Vaults:1 | Reached XP level 21. HP: 100/137 MP: 0/0
 47485 | Vaults:1 | Learned a level 7 spell: Spellforged Servitor
 47514 | Vaults:1 | Identified the +1 long sword "Kuovouj" {antimagic, Dex+4}
 47595 | Vaults:1 | Reached skill level 20 in Spellcasting
 50708 | Shoals:4 | Paralysed by an air elemental for 1 turns
 50784 | Shoals:4 | Paralysed by an air elemental for 1 turns
 50803 | Shoals:4 | Reached skill level 1 in Throwing
 51144 | Shoals:4 | Got a barnacled rune of Zot
 51365 | Shoals:4 | Identified the amulet "Iclum" {Faith rN+}
 52689 | Slime:1  | Entered Level 1 of the Pits of Slime
 53262 | Vaults:1 | Found Ymnyr's Assorted Antiques.
 54257 | Vaults:1 | Reached XP level 22. HP: 64/145 MP: 0/0
 54874 | Vaults:2 | Reached skill level 10 in Fighting
 55252 | Vaults:2 | Noticed Boris
 55259 | Vaults:1 | Killed Boris
 55905 | Vaults:2 | Noticed Xtahua
 55907 | Vaults:2 | Killed Xtahua
 57201 | Vaults:2 | Found a staircase to the Crypt.
 57420 | Vaults:2 | Found Opnawkey's Assorted Antiques.
 57428 | Vaults:2 | Bought a distressingly furry scale mail for 351 gold pieces
 57428 | Vaults:2 | Identified the +3 scale mail of Ru's Fury {Str+6 SInv} (You
                  | bought it in a shop on level 2 of the Vaults)
 58292 | D:10     | You paid a toll of 16 potions of curing to enter a treasure
                  | trove
 58293 | Trove    | Entered a treasure trove
 59258 | Elf:2    | Found a huge runed translucent gate.
 59258 | Elf:2    | Found a huge runed translucent gate.
 59258 | Elf:2    | Found a huge runed translucent gate.
 59955 | Elf:2    | Found a huge runed translucent gate.
 59956 | Elf:2    | Found a huge runed translucent gate.
 60108 | Elf:3    | Entered Level 3 of the Elven Halls
 60126 | Elf:3    | Found Waima's Jewellery Shop.
 60445 | Elf:3    | Found Tohulim's Jewellery Boutique.
 61270 | Elf:3    | Reached skill level 15 in Dodging
 61522 | Elf:3    | Reached XP level 23. HP: 142/156 MP: 0/0
 61522 | Elf:3    | Learned a level 8 spell: Summon Horrible Things
 62673 | Vaults:3 | Killed from afar by a deep elf annihilator

Illustrated notes

Levels and vault maps discovered:
D:1:      minmay_arrival_nine_rooms, layout_loops_corners, minmay_heptomino_l4
D:2:      layout_rooms, uniq_jessica, uniq_sigmund
D:3:      layout_rooms, nicolae_ru_great_annihilating_truth, serial_glass,
          glass_columns_c, glass_columns_b, glass_columns_a, glass_columns_a,
          glass_columns_c, ebering_ghost_sewer_d, minivault_4
D:4:      layout_loops_ring, amcnicky_altar_gilded, lightli_sewer_entry_pipes,
          st_stairs_9, chequers_avenue
D:5:      lemuel_ratsnest, layout_loops_corners, mainiacjoe_overflow_alcove_2,
          minitemple, minmay_temple_entry_gardened_gates,
          eino_small_chamber_without_monster
D:6:      layout_gridville, uniq_maggie, uniq_duvessa, uniq_menkaure
D:7:      layout_rooms, mainiacjoe_overflow_alcove_1,
          yredelemnul_forgotten_temple_becter, mainiacjoe_overflow_catwalk
D:8:      layout_basic, grunt_gozag_statues
D:9:      layout_rooms, mainiacjoe_overflow_small_starburst, david_lair_generic
D:10:     layout_loops_ring, trog_three_pillars_becter, orc_0_dummy,
          nicolae_trove_entry_free_sample, kennysheep_potato
D:11:     layout_rooms, hellmonk_bongcloud_opening, worms_lemuel
D:12:     layout_long_grid, gauntlet_entry_generic
D:13:     layout_roguey, portal_ice_cave_entry_pillars_2, serial_shops,
          nicolae_lakefront_shop, shop, nicolae_dithmenos_through_a_glass_darkly
D:14:     layout_roguey, skrybe_vaults_entry_preservation, serial_park_square3
          [serial_park_minivault_5x5_6]
D:15:     gammafunk_depths_entry_grave, layout_basic,
          chequers_serial_rivers_room_b, serial_park_tiny_1
Temple:   jpeg_temple_clearing
Lair:1:   layout_gridlike, serial_bayou_ford_a, beast_lair_carwin_7,
          uniq_amaemon
Lair:2:   layout_hall_layers
Lair:3:   layout_big_grid, elwin_shoals_entry_stream,
          minmay_snake_entry_six_corridors, wad_woods_06,
          chequers_serial_rivers_room_a, lemuel_fruit_tree, lemuel_fruit_fields,
          uniq_josephine, uniq_nessos, uniq_sonja
Lair:4:   layout_regular_city, chequers_serial_rivers_room_b,
          grunt_megastairs_1, uniq_snorg
Lair:5:   cheibrodos_lair_end_hotspot, layout_layer_cave, slime_entry_1,
          infiniplex_staircase_pool, uniq_urug
Shoals:1: layout_shoals
Shoals:2: layout_shoals, serial_shops, shop
Shoals:3: layout_shoals
Shoals:4: shoals_end_hellmonk_storm_palace [storm_palace_center_ruins,
          storm_palace_corner_narrow, storm_palace_corner_blocked,
          storm_palace_corner_narrow, storm_palace_corner_grid]
Snake:1:  layout_onion_interference, uniq_azrael, uniq_asterion
Snake:2:  layout_chambers, ebering_ghost_gozag, serial_shops,
          nicolae_shop_overgrown_old_shop, drop_trap
Snake:3:  layout_cave_shapes, minmay_shoptagon, nicolae_triple_integral
Snake:4:  grunt_snake_rune_pools, layout_basic, st_stairs_8,
          serial_bayou_shore_a
Slime:1:  layout_caves
Orc:1:    layout_caves, serial_shops, shop_fountains, shop_statue
Orc:2:    grunt_orc_tribal_feast, layout_diamond_mine, serial_shops, shop,
          uniq_rupert
Elf:1:    minmay_elf_arrival_summoners, layout_rooms, hangedman_elf_disciples,
          solitary_fountain, nicolae_elf_glass_and_crystal_pillar_1,
          minmay_strange_pillars, corexii_hall_statues_s
Elf:2:    elven_hall_of_blades_hangedman_alternative [mumra_blade_entry_dagger],
          layout_loops_cross, lemuel_upstairs_altar, lemuel_elevator
Elf:3:    minmay_elf_hall_not_hex, layout_geoelf_octagon, serial_corexii_hall,
          chequers_hall_statues_wall_a, chequers_hall_statues_y, serial_shops,
          nicolae_shop_gaudy_bauble, nicolae_shop_gaudy_bauble
Vaults:1: nicolae_vaults_ellipses_ellipsis, v_misc_17, v_misc_8,
          vaults_room_hallway, vaults_room_ringed_pool,
          grunt_vaults_hallway_long, vaults_room_fours,
          nicolae_vaults_storage_closets_2, nicolae_vaults_more_shelving_2,
          st_lattice, nicolae_vaults_cochlea, nicolae_vaults_house_2,
          nicolae_vaults_tetromino_L_2, nicolae_vaults_theta,
          layout_vaults_big_cross, serial_shops, shop
Vaults:2: nicolae_vaults_little_squares_1, minmay_crypt_entry_vampire_xt,
          v_misc_29, v_misc_33, v_pattern_4, ontoclasm_vaults_echo,
          dpeg_vaults_monster_box, layout_vaults_big_room, serial_shops,
          nicolae_shop_peninsula, uniq_xtahua, uniq_boris
Vaults:3: vaults_dpeg_spiral, nicolae_vaults_double_plus_1, st_check,
          nicolae_vaults_trapezoid_4, grunt_vaults_funnel, v_pattern_2,
          nicolae_vaults_diamond_2, vaults_dpeg_encased_lava,
          nicolae_vaults_little_squares_6, nicolae_vaults_sesquioval_fish,
          hangedman_vaults_unwind, nicolae_vaults_shrinking_rooms_2,
          layout_vaults_maze_bifur

Skill      XL: |  1  2  3  4  5  6  7  8  9 10 11 12 13 14 15 16 17 18 19 20 21 22 23 |
---------------+----------------------------------------------------------------------+-----
Spellcasting   | 3 4 5 6 8 9 11 11 13 14 15 16 17 18 19 20 | 20.9
Stealth        | 2 0 |  0.0
Dodging        | 2 3 2 4 6 8 9 10 11 13 15 | 15.5
Fighting       | 1 2 4 5 6 7 8 9 11 | 11.8
Evocations     | 1 1 2 3 4 5 6 7 |  7.5
Staves         | 1 2 |  2.1
Shields        | 1 2 3 4 5 7 9 10 11 13 14 | 14.0
Throwing       | 1 |  1.0

Action                     |  1- 3 |  4- 6 |  7- 9 | 10-12 | 13-15 | 16-18 | 19-21 | 22-24 || total
---------------------------+-------+-------+-------+-------+-------+-------+-------+-------++-------
  Melee: Dagger            |     6 |       |       |       |       |       |       |       ||     6
         Staff             |    15 |    11 |    59 |    41 |     6 |     1 |     5 |     4 ||   142
         Punch             |     1 |       |     1 |       |       |       |       |       ||     2
  Throw: Boomerang         |       |       |       |       |     4 |     5 |     3 |       ||    12
         Javelin           |       |       |       |       |     1 |       |       |       ||     1
   Cast: Sting             |    37 |    56 |   135 |    78 |    20 |       |       |       ||   326
         Poisonous Vapours |     5 |    29 |    41 |    39 |    57 |    21 |    26 |     1 ||   219
         Mephitic Cloud    |     1 |     3 |     7 |    43 |    60 |    27 |    24 |    22 ||   187
         Olgreb's Toxic Ra |       |       |    21 |    62 |    74 |    22 |    30 |    28 ||   237
         Stone Arrow       |       |       |    12 |    56 |   258 |   400 |   155 |    93 ||   974
         Tukima's Dance    |       |       |     2 |     9 |    24 |    21 |     6 |       ||    62
         Iskenderun's Batt |       |       |       |    20 |    65 |    31 |    10 |     1 ||   127
         Freezing Cloud    |       |       |       |       |    62 |   150 |   169 |    97 ||   478
         Slow              |       |       |       |       |     1 |       |       |       ||     1
         Death Channel     |       |       |       |       |     7 |    33 |    30 |    16 ||    86
         Malign Gateway    |       |       |       |       |       |    15 |     9 |    12 ||    36
         Simulacrum        |       |       |       |       |       |       |   141 |   119 ||   260
         Spellforged Servi |       |       |       |       |       |       |     5 |     8 ||    13
         Passwall          |       |       |       |       |       |       |     1 |       ||     1
         Summon Horrible T |       |       |       |       |       |       |       |     1 ||     1
 Invoke: Sacrifice Stealth |       |       |     1 |       |       |       |       |       ||     1
         Sacrifice Skill   |       |       |     1 |     1 |       |       |       |       ||     2
         Draw Out Power    |       |       |       |     1 |     7 |     2 |     8 |     2 ||    20
         Sacrifice Purity  |       |       |       |     1 |       |       |       |       ||     1
         Power Leap        |       |       |       |       |     4 |     1 |     1 |       ||     6
         Sacrifice Essence |       |       |       |       |     1 |       |       |       ||     1
         Reject Sacrifices |       |       |       |       |     1 |       |       |       ||     1
         Sacrifice an Eye  |       |       |       |       |     1 |       |       |       ||     1
         Apocalypse        |       |       |       |       |       |       |     1 |     1 ||     2
  Evoke: Wand              |       |       |       |       |       |     1 |       |       ||     1
    Use: Scroll            |       |       |     8 |    15 |    12 |     4 |     2 |       ||    41
         Potion            |       |       |       |     1 |     1 |     3 |     4 |       ||     9
   Stab: Sleeping          |     2 |     2 |       |       |       |       |       |       ||     4
         Confused          |       |       |     1 |     1 |     1 |       |       |       ||     3
 Armour: Robe              |     6 |    11 |    28 |    22 |    23 |    32 |    17 |    11 ||   150
  Dodge: Dodged            |    19 |    24 |    67 |    32 |    68 |   100 |    68 |    59 ||   437
  Block: Kite shield       |       |       |       |    51 |   119 |   180 |   132 |   123 ||   605
         Reflection        |       |       |       |     2 |    12 |    31 |    35 |    32 ||   112
